 Dungeon Crawl Stone Soup version 0.17-a0-877-ga10078a (webtiles) character file.

10696 hornqvist the Cleaver (level 11, 0/82 HPs)
             Began as a Formicid Fighter on Apr 30, 2015.
             Was an Initiate of Gozag.
             Slain by an orc
             ... wielding a +0 trident
              (7 damage)
             ... on level 1 of the Orcish Mines.
             The game lasted 00:09:49 (9365 turns).

hornqvist the Cleaver (Formicid Fighter)            Turns: 9365, Time: 00:09:50

Health: 0/82       AC: 11    Str: 23    XL:     11   Next: 97%
Magic:  11/11      EV:  7    Int:  9    God:    Gozag
Gold:   985        SH: 12    Dex: 10    Spells: 0 memorised, 10 levels left

rFire  . . .     SeeInvis +     d - +1 battleaxe (flame)
rCold  . . .     Clarity  .     n - +2 scale mail {rPois}
rNeg   . . .     SustAb   .     c - +0 shield
rPois  +         Gourm    .     (helmet unavailable)
rElec  .         Spirit   .     u - +0 cloak
rCorr  .         Warding  .     t - +0 pair of gloves
rMut   .         Stasis   +     (no boots)
MR     ++...                    (no amulet)
Stlth  ..........               j - ring of poison resistance
                                h - ring of invisibility

@: drained, very resistant to hostile enchantments, extremely unstealthy
A: permanent stasis, dig shafts and tunnels, four strong arms, antennae 3, frail
1, magic resistance 1, MP-powered wands
a: Dig, Shaft Self, Potion Petition, Call Merchant, Bribe Branch, Renounce
Religion, Evoke Invisibility


You were on level 1 of the Orcish Mines.
You worshipped Gozag.
Gozag was noncommittal.
You were not hungry.

You visited 2 branches of the dungeon, and saw 10 of its levels.
You also visited: Sewer.

You collected 1933 gold pieces.
You spent 356 gold pieces at shops.
You paid 592 gold pieces to Gozag.

Inventory:

Hand weapons
 a - a +0 war axe
 d - a +1 battleaxe of flaming (weapon)
 f - a +4 hand axe
Armour
 c - a +0 shield (worn)
 n - a +2 scale mail of poison resistance (worn)
 t - a +0 pair of gloves (worn)
 u - a +0 cloak (worn)
Jewellery
 h - a ring of invisibility (left hand)
 j - a ring of poison resistance (right hand)
 q - an uncursed ring of wizardry
Magical devices
 p - a wand of random effects (13)
Scrolls
 b - a scroll of amnesia
 i - 6 scrolls of recharging
 k - 13 scrolls of identify
 r - a scroll of fear
 s - 2 scrolls of remove curse
Potions
 e - 2 potions of agility
 g - a potion of mutation
 w - a potion of flight
 A - 2 potions of curing
Comestibles
 l - 2 bread rations
 o - 5 meat rations


   Skills:
 - Level 10.9(10.8) Fighting
 * Level 11.2(11.0) Axes
 - Level 3.2(3.1) Armour
 + Level 6.9(6.8) Dodging
 + Level 9.9(9.7) Shields


You had 10 spell levels left.
You didn't know any spells.

Dungeon Overview and Level Annotations

Branches:
Dungeon (9/15)             Temple (0/1) D:6             Orc (1/4) D:9
   Lair: D:8-11

Altars:
Cheibriados
Elyvilon
Gozag
Kikubaaqudgha
Qazlal
Sif Muna
Xom
Zin

Shops:
D:8 *[

Portals:
Ice
Cave: Orc:1

Annotations:
D:5 1 runed door
D:8 patman's ghost, experienced DsMo


Innate Abilities, Weirdness & Mutations

You are under a permanent stasis effect.
You can dig through walls and to a lower floor.
Your four strong arms can wield two-handed weapons with a shield.
You have a pair of large antennae on your head (SInv).
You are frail (-10% HP).
You are resistant to hostile enchantments.
You expend magic power (3 MP) to strengthen your wands.


Message History

The orc looks frightened!
The ogre looks frightened!
An orc priest comes into view.
The orc priest shouts!
An orc comes into view.
An orc comes into view. It is wielding a trident.
The orc shouts! x2
You see here 17 gold pieces.
An orc comes into view. It is wielding a dagger.
The orc shouts!
The orc priest mumbles some strange prayers to Beogh against you.
Something smites you!
* * * LOW HITPOINT WARNING * * *
You take 9 damage, and have 11/82 hp.
You block the orc priest's attack.
There is a staircase back to the Dungeon here.
The orc barely misses you. The orc priest hits you.
* * * LOW HITPOINT WARNING * * *
The orc hits you from afar with a trident!
You die...
Your body crumbles into a pile of gold.

......###.## ..
........#.$.# ...
.....#.....## #....
.............#.##...... ##
................#..#..$.
..##....∩..................
...............).....$.....
......................#...##
................@o.........#
................oo......$.##
...........>......o###.....
...........................
.......#........$..>.......
...#...)...............#.#
.####....................
##.......).)...#..#...
#........)............


You could see an orc priest and 3 orcs.

Vanquished Creatures
  A trapdoor spider zombie (D:8)
  A wraith (D:6)
  A hippogriff (D:7)
  A wyvern (D:8)
  Duvessa (D:5)
  3 orc warriors
  9 ice beasts
  Purgy (Sewer)
  A black bear (D:6)
  2 sky beasts (D:5)
  3 centaurs
  4 ogres
  2 big kobolds
  4 giant frogs
  Dowan (D:5)
  A scorpion (D:5)
  7 killer bees
  14 wights
  2 vampire bats (D:2)
  6 crimson imps
  A giant frog zombie (D:8)
  4 hounds
  3 goliath beetles (D:5)
  3 jellies
  5 orc wizards
  Crazy Yiuf (D:5)
  A centaur zombie (D:7)
  4 orc priests
  4 iguanas
  3 centaur skeletons
  13 worker ants
  A mummy (D:4)
  6 adders
  3 shadow imps
  An ooze (D:1)
  3 adder skeletons
  2 worms
  11 giant geckos
  36 orcs
  4 bat skeletons
  2 bat zombies (D:2)
  7 giant cockroaches
  13 goblins
  9 hobgoblins
  6 jackals
  6 quokkas
  A ball python (D:1)
  15 bats
  A giant gecko zombie (D:6)
  7 giant newts
  A hobgoblin zombie (D:4)
  A jackal zombie (D:4)
  23 kobolds
  2 kobold zombies (D:4)
  An orc zombie (D:4)
  A quokka skeleton (D:6)
  19 rats
  5 ballistomycetes (D:7)
  A plant (D:8)
295 creatures vanquished.

Vanquished Creatures (others)
  2 giant spores (D:7)
2 creatures vanquished.

Grand Total: 297 creatures vanquished

Notes
Turn   | Place    | Note
--------------------------------------------------------------
     0 | D:1      | hornqvist, the Formicid Fighter, began the quest for the Orb.
     0 | D:1      | Reached XP level 1. HP: 18/18 MP: 1/1
    63 | D:1      | Reached XP level 2. HP: 21/24 MP: 2/2
   233 | D:1      | Reached XP level 3. HP: 25/29 MP: 3/3
   670 | D:1      | Reached skill level 1 in Dodging
   700 | D:2      | Reached skill level 4 in Shields
   707 | D:2      | Reached XP level 4. HP: 24/35 MP: 4/4
  1115 | D:2      | Found an ancient bone altar of Kikubaaqudgha.
  1120 | D:2      | Reached XP level 5. HP: 36/41 MP: 5/5
  1612 | D:3      | Found a stormy altar of Qazlal.
  1706 | D:3      | Noticed a centaur
  1722 | D:3      | Killed a centaur
  1722 | D:3      | Reached XP level 6. HP: 10/47 MP: 6/6
  2197 | D:4      | Reached skill level 5 in Axes
  2197 | D:4      | Reached skill level 5 in Shields
  2398 | D:4      | Reached XP level 7. HP: 35/52 MP: 7/7
  2768 | D:4      | Found an opulent altar of Gozag.
  2838 | D:4      | Became a worshipper of Gozag Ym Sagoz the Greedy
  3171 | D:5      | Entered Level 5 of the Dungeon
  3245 | D:5      | Reached skill level 6 in Axes
  3258 | D:5      | Noticed Duvessa
  3258 | D:5      | Noticed Dowan
  3285 | D:5      | Killed Duvessa
  3295 | D:5      | Killed Dowan
  3295 | D:5      | Reached XP level 8. HP: 22/58 MP: 8/8
  3340 | D:5      | Found a glowing drain.
  3383 | Sewer    | Entered a sewer
  3589 | Sewer    | Noticed Purgy
  3603 | Sewer    | Killed Purgy
  3733 | Sewer    | Gained mutation: You are frail (-10% HP). [potion of mutation]
  3733 | Sewer    | Gained mutation: You expend magic power (3 MP) to strengthen your wands. [potion of mutation]
  3733 | Sewer    | Gained mutation: You are resistant to hostile enchantments. [potion of mutation]
  3962 | D:5      | Reached skill level 7 in Axes
  3971 | D:5      | Found a runed door.
  3993 | D:5      | Found a runed door.
  4244 | D:5      | Noticed Crazy Yiuf
  4254 | D:5      | Killed Crazy Yiuf
  4417 | D:5      | Reached XP level 9. HP: 47/57 MP: 9/9
  4516 | D:5      | Reached skill level 8 in Axes
  4800 | D:6      | Reached skill level 5 in Dodging
  5188 | D:6      | Found a staircase to the Ecumenical Temple.
  5422 | D:6      | Found a deep blue altar of Sif Muna.
  5511 | D:6      | Reached skill level 9 in Axes
  6264 | D:7      | Reached XP level 10. HP: 60/63 MP: 10/10
  6454 | D:7      | Found a white marble altar of Elyvilon.
  6936 | D:8      | Found Jyblot's Armour Shop.
  6943 | D:8      | Bought a +2 scale mail of poison resistance for 216 gold pieces
  7024 | D:8      | Reached skill level 10 in Axes
  7149 | D:8      | Found Mutumu's Assorted Antiques.
  7780 | D:8      | Noticed patman's ghost (experienced DsMo)
  8261 | D:8      | Bought a glowing copper ring for 140 gold pieces
  8284 | D:9      | Found a snail-covered altar of Cheibriados.
  8484 | D:9      | Found a glowing silver altar of Zin.
  8494 | D:9      | Found a deep blue altar of Sif Muna.
  8591 | D:9      | Found a shimmering altar of Xom.
  8772 | D:9      | Reached skill level 11 in Axes
  8864 | D:9      | Reached skill level 10 in Fighting
  8864 | D:9      | Reached XP level 11. HP: 67/82 MP: 11/11
  9000 | D:9      | Found a staircase to the Orcish Mines.
  9240 | Orc:1    | Entered Level 1 of the Orcish Mines
  9243 | Orc:1    | Found a frozen archway.
  9365 | Orc:1    | Slain by an orc

Action                   |  1- 3 |  4- 6 |  7- 9 | 10-12 || total
-------------------------+-------+-------+-------+-------++-------
Melee: War axe           |   103 |    25 |       |       ||   128
       Hand axe          |       |   127 |   290 |       ||   417
       Battleaxe         |       |       |    94 |   304 ||   398
Invok: Call Merchant     |       |       |     1 |       ||     1
 Abil: Dig               |       |       |     1 |       ||     1
  Use: Scroll            |       |       |     7 |     7 ||    14
       Potion            |       |       |    12 |     3 ||    15
 Stab: Distracted        |       |       |       |     2 ||     2
  Eat: Chunk             |       |     5 |     1 |       ||     6
       Pizza             |       |       |     2 |     1 ||     3
       Bread ration      |       |       |     1 |     1 ||     2
       Fruit             |       |       |     3 |       ||     3
       Meat ration       |       |       |     1 |       ||     1
       Beef jerky        |       |       |       |     2 ||     2
